 Dungeon Crawl Stone Soup version 0.29-a0-321-gf1c400731a (webtiles) character file.

Game seed: 9002967907604645509

1803 jmlagarto the Ducker (level 9, -2/63 HPs)
             Began as a Djinni Ice Elementalist on Apr 4, 2022.
             Was an Initiate of Gozag.
             Slain by a yak (7 damage)
             ... on level 6 of the Dungeon.
             The game lasted 00:14:32 (7804 turns).

jmlagarto the Ducker (Djinni Ice Elementalist)      Turns: 7804, Time: 00:14:33

Health: -2/63      AC: 11    Str:  7    XL:     9   Next: 30%
Gold:   202        EV: 15    Int: 27    God:    Gozag SH:  0 Dex: 18

rFire   + + .      SeeInvis .   a - +0 quarterstaff
rCold   x . .      Faith    .   (shield currently unavailable)
rNeg    . . .      Spirit   .   j - +2 robe of the Minstrel {rCorr Dex+4 Slay+3}
rPois   ∞          Reflect  .   (no helmet)
rElec   .          Harm     .   (no cloak)
rCorr   +          Rampage  .   (no gloves)
Will    .....                   (boots unavailable)
Stlth   +++.......              n - amulet of the acrobat
HPRegen 0.20/turn               t - +6 ring of intelligence
MPRegen 0.00/turn               (no ring)

@: mighty, ice-armoured, weak-willed, freezing walls, flying
A: sickness immunity, fire resistance 2, cold vulnerability 1, float, innate
caster, HP casting, extra vitality 1
a: Renounce Religion, Potion Petition, Call Merchant, Bribe Branch


You were on level 6 of the Dungeon.
You worshipped Gozag.
Gozag was aware of your devotion.
You visited 2 branches of the dungeon, and saw 7 of its levels.

You collected 276 gold pieces.
You paid 74 gold pieces to Gozag.

Inventory:

Hand Weapons
 a - a +0 quarterstaff (weapon)
Missiles
 e - 5 poisoned darts (quivered)
 l - 4 boomerangs
 u - a throwing net
Armour
 j - the +2 robe of the Minstrel (worn) {rCorr Dex+4 Slay+3}
   (You found it on level 2 of the Dungeon)

   Dex:       It affects your dexterity (+4).
   Slay:      It affects your accuracy & damage with ranged weapons and melee
   (+3).
   rCorr:     It protects you from acid and corrosion.
Jewellery
 n - an amulet of the acrobat (around neck)
 t - a +6 ring of intelligence (left hand)
Wands
 x - a wand of paralysis (4)
Scrolls
 i - 3 scrolls of magic mapping
 o - a scroll of amnesia {unknown}
 p - a scroll of immolation {unknown}
 q - a scroll of fog {unknown}
 r - a scroll of holy word {unknown}
 s - a scroll of vulnerability
 v - 2 scrolls of identify
 w - a scroll of acquirement {unknown}
Potions
 b - a potion of lignification {unknown}
 c - a potion of curing {unknown}
 d - a potion of resistance {unknown}
 f - a potion of degeneration {unknown}
 h - 2 potions of invisibility {unknown}
 k - 3 potions of might
 m - a potion of attraction {unknown}
 z - 3 potions of brilliance {unknown}
 A - a potion of haste {unknown}


   Skills:
 + Level 4.3 Fighting
 + Level 3.8 Staves
 + Level 5.9 Dodging
 + Level 4.7 Stealth
 + Level 5.1 Spellcasting
 + Level 3.3 Evocations


You couldn't memorise any spells.
You knew the following spells:

 Your Spells              Type           Power      Damage    Failure   Level
a - Freeze                Ice            100%       1d11      1%          1
b - Frozen Ramparts       Ice            68%        1d8       2%          3
c - Ozocubu's Armour      Ice            34%        N/A       2%          3
d - Hailstorm             Conj/Ice       34%        3d9       9%          4
e - Animate Skeleton      Necr           68%        N/A       1%          1
f - Ensorcelled Hibernat  Hex/Ice        68%        N/A       1%          2
g - Teleport Other        Tloc           34%        N/A       2%          3
h - Inner Flame           Hex/Fire       34%        N/A       2%          3
Your spell library was empty.

Dungeon Overview and Level Annotations

Branches:
Dungeon (6/15)             Temple (1/1) D:5

Altars:
Ashenzari
Cheibriados
Dithmenos
Elyvilon
Fedhas
Gozag
Hepliaklqana
Kikubaaqudgha
Makhleb
Nemelex Xobeh
Qazlal
Ru
Sif Muna
Trog
Uskayaw
Vehumet
Wu Jian
Xom
Yredelemnul
Zin
The Shining One


Innate Abilities, Weirdness & Mutations

You are immune to sickness and miasma.
You are immune to poison.
Your flesh is very heat resistant. (rF++)
You are vulnerable to cold. (rC-)
You float through the air rather than walking.
You learn spells naturally, not from books.
Your magical power is your life essence.
You have superior vitality. (+4 MHP)


Message History

There is a stone staircase leading up here.
Casting: Freeze (safe; 1% risk of failure)
Confirm with . or Enter, or press ? or * to list all spells.
Casting: Frozen Ramparts (dangerous; 2% risk of failure)
Press: ? - help, Dir - look around, f - activate A stone staircase leading up.
The walls around you are covered in ice.
The ice beast completely resists.
The wall freezes the ice beast but does no damage.
The wall freezes the yak!
The yak gores you!
The wall freezes the yak.
The yak misses you.
Casting: Frozen Ramparts (dangerous; 2% risk of failure)
Confirm with . or Enter, or press ? or * to list all spells.
A film of ice covers your body!
The ice beast completely resists.
The wall freezes the ice beast but does no damage.
The ice beast hits you. The ice beast freezes you!
You feel a terrible chill!
* * * LOW HITPOINT WARNING * * *
The wall freezes the yak.
The yak gores you but does no damage.
The wall freezes the yak.
The yak barely misses you.
Okay, then.
As you read the scroll labelled ZYSMOIM QOTSO, it crumbles to dust.
Magic quickly surges around you.
It was a scroll of vulnerability.
The ice beast completely resists.
The wall freezes the ice beast but does no damage.
The ice beast barely misses you.
The wall freezes the yak. x2
The yak gores you but does no damage.
The wall freezes the yak!
The yak gores you.
* * * LOW HITPOINT WARNING * * *
Casting: Ozocubu's Armour (dangerous; 2% risk of failure)
Confirm with . or Enter, or press ? or * to list all spells.
Aiming: Freeze (safe; 1% risk of failure)
Press: ? - help, Shift-Dir - straight line, f - yak
Aim: a yak (severely wounded, weak-willed)
Okay, then.
You feel very mighty all of a sudden.
The ice beast completely resists.
The wall freezes the ice beast but does no damage.
The ice beast barely misses you.
The wall freezes the yak.
The yak gores you!
You die...
Your body crumbles into a pile of gold.

######## .## ..
#......#
..###..
#......# #..
.... #......#
#.##....
#......#
##.....#
#.#####....#
##.##......#
#YY......#.#
##@#..Y.Y...###
$
#..Y.#####.(..#
#..###
##........
#..## ##$#.....
.... (# .#..
..###. (. # #
#. #. ... # #.
..#. $ .. $ ..#


You could see 2 yaks and an ice beast (weak-willed).

Vanquished Creatures
  Pikel (D:5)
  A yak (D:6)
  A steam dragon (D:5)
  An ice beast (D:5)
  2 sky beasts (D:5)
  An ogre (D:4)
  A centaur (D:5)
  3 lemures (D:5)
  Blork the orc (D:5)
  A necrophage (D:4)
  2 jellies (D:5)
  A hound (D:5)
  2 orc priests (D:3)
  3 iguanas
  4 orc wizards
  3 gnolls (D:3)
  5 adders
  2 white imps
  A worm (D:2)
  5 dart slugs
  16 orcs
  5 ball pythons
  4 endoplasms
  2 giant cockroaches (D:1)
  9 goblins
  10 hobgoblins
  3 jackals (D:1)
  9 kobolds
  5 quokkas
  9 bats
  4 frilled lizards
  8 rats
125 creatures vanquished.

Vanquished Creatures (others)
  7 plants (D:3)
7 creatures vanquished.

Grand Total: 132 creatures vanquished

Notes
Turn   | Place    | Note
-------+----------+-------------------------------------------
     0 | D:1      | jmlagarto the Djinni Ice Elementalist began the quest for
                  | the Orb.
     0 | D:1      | Reached XP level 1. HP: 15/15 MP: 0/0
   338 | D:1      | Reached XP level 2. HP: 18/21 MP: 0/0
  1063 | D:1      | Reached XP level 3. HP: 25/25 MP: 0/0
  1063 | D:1      | Learned a level 1 spell: Animate Skeleton
  2160 | D:2      | Identified the +2 robe of the Minstrel {rCorr Dex+4 Slay+3}
  2394 | D:2      | Found a faded altar of an unknown god.
  2403 | D:2      | Reached XP level 4. HP: 27/31 MP: 0/0
  3275 | D:2      | Reached XP level 5. HP: 31/36 MP: 0/0
  3275 | D:2      | Learned a level 2 spell: Ensorcelled Hibernation
  3405 | D:2      | Reached skill level 1 in Fighting
  3494 | D:3      | Reached skill level 1 in Staves
  3871 | D:3      | You are sucked into a shaft and drop 1 floor!
  4050 | D:3      | Reached XP level 6. HP: 38/42 MP: 0/0
  4569 | D:4      | Noticed an ogre
  4577 | D:4      | Killed an ogre
  4578 | D:4      | Reached XP level 7. HP: 41/49 MP: 0/0
  4578 | D:4      | Learned a level 3 spell: Teleport Other
  5038 | D:4      | Found a stormy altar of Qazlal.
  5349 | D:5      | Entered Level 5 of the Dungeon
  5481 | D:5      | Noticed Blork the orc
  5490 | D:5      | Killed Blork the orc
  5714 | D:5      | Noticed a steam dragon
  5726 | D:5      | Killed a steam dragon
  5727 | D:5      | Reached skill level 1 in Evocations
  5727 | D:5      | Reached XP level 8. HP: 32/56 MP: 0/0
  6009 | D:5      | Reached skill level 5 in Dodging
  6557 | D:5      | Found a staircase to the Ecumenical Temple.
  6643 | D:5      | Noticed Pikel
  6654 | D:5      | Killed Pikel
  6655 | D:5      | Reached XP level 9. HP: 35/62 MP: 0/0
  6655 | D:5      | Learned a level 3 spell: Inner Flame
  6832 | D:5      | Reached skill level 5 in Spellcasting
  7089 | Temple   | Entered the Ecumenical Temple
  7526 | Temple   | Became a worshipper of Gozag Ym Sagoz the Greedy
  7804 | D:6      | Slain by a yak

Illustrated notes

Levels and vault maps discovered:
D:1:      dpeg_arrival_arbitrary_a, layout_loops_corners
D:2:      layout_basic, ebering_ecumenical_altar_rust, skrybe_limestone_x,
          minmay_misc_feat_rows
D:3:      cheibrodos_old_hovel, layout_rooms
D:4:      layout_basic, mainiacjoe_overflow_six_doors_small,
          nicolae_concentric_dashed_squares_mild
D:5:      layout_loops_cross, lemuel_temple_firewalk_b, uniq_pikel,
          uniq_blork_the_orc
D:6:      layout_rooms, serial_shops, nicolae_stop_n_shop_2, uniq_sigmund
Temple:   mainiacjoe_temple_big_plus

Skill      XL: |  1  2  3  4  5  6  7  8  9 |
---------------+----------------------------+-----
Stealth        | 2 3 4 |  4.7
Dodging        | 3 4 5 |  5.9
Fighting       | 1 2 3 4 |  4.3
Staves         | 1 2 3 |  3.8
Spellcasting   | 4 5 |  5.1
Evocations     | 1 2 3 |  3.3

Action                   |  1- 3 |  4- 6 |  7- 9 || total
-------------------------+-------+-------+-------++-------
Melee: Unarmed           |     4 |       |       ||     4
       Quarterstaff      |     2 |     5 |     4 ||    11
Throw: Dart              |    17 |    19 |    65 ||   101
       Boomerang         |       |    11 |       ||    11
 Cast: Freeze            |    54 |    60 |    59 ||   173
       Frozen Ramparts   |     1 |     6 |    11 ||    18
       Teleport Other    |       |       |     2 ||     2
       Ozocubu's Armour  |       |       |     3 ||     3
       Hailstorm         |       |       |     1 ||     1
Evoke: Wand              |       |       |     1 ||     1
  Use: Scroll            |       |     4 |     2 ||     6
       Potion            |       |       |     3 ||     3
 Stab: Distracted        |       |     1 |       ||     1
       Paralysed         |       |       |     4 ||     4
Armor: Robe              |     7 |    20 |    19 ||    46
Dodge: Dodged            |    23 |    57 |    52 ||   132

Table legend: (Time is in decaauts)
 A = Elapsed time spent in this place.
 B = Non-inter-level travel time spent in this place.
 C = Inter-level travel time spent in this place.
 D = Time resting spent in this place.
 E = Time spent auto-exploring this place.
 F = Levels seen in this place.
 G = Mean time per level.
                   A        B        C        D        E       F      G
               +--------+--------+--------+--------+--------+-----+--------+
         Total |   7812 |   7438 |    374 |      2 |   6594 |   7 | 1116.0 |
       Dungeon |   7353 |   7046 |    307 |      2 |   6211 |   6 | 1225.5 |
        Temple |    459 |    392 |     67 |      0 |    383 |   1 |  459.0 |
               +--------+--------+--------+--------+--------+-----+--------+

Top non-repeatable levels by time:
     D:1: 1990 daAuts
     D:5: 1920 daAuts
     D:2: 1492 daAuts
     D:3: 983 daAuts
     D:4: 889 daAuts
  Temple: 459 daAuts
     D:6: 76 daAuts
